3R
GERMANTOWN URUGUAYANS @ ELLESMERE ISLAND SNOWPEOPLE
08/29/2038
 
TOP OF THE 1ST
Germantown Uruguayans batting - Pitching for Ellesmere Island Snowpeople : LHP Jordon Glen Anderson
Pitching: LHP Jordon Glen Anderson
Batting: RHB Jorge Gardella 0-0: Swinging Strike
0-1: DOUBLE (Line Drive, 5D, EV 93.8 MPH)
Batting: RHB Anthony McGee 0-0: Foul Ball, location: 2F
0-1: Called Strike
0-2: Foul Ball, location: 2F
0-2: Ball
1-2: Foul Ball, location: 2F
1-2: Foul Ball, location: 2F
1-2: Ball
2-2: Strikes out looking
Batting: RHB Harold Keightley 0-0: Ball
1-0: Called Strike
1-1: Reached on error, E6 (Groundball, 6, EV 98.1 MPH)
Jorge Gardella scores
Batting: RHB Kiyoshi Aoki 0-0: Foul Ball, location: 2F
0-1: Ball
1-1: Fly out, F8 (Line Drive, 8RD, EV 88.8 MPH)
Batting: RHB Pancho Hernández 0-0: Ball
1-0: Swinging Strike
1-1: Ball
2-1: Ball
3-1: Foul Ball, location: 2F
3-2: Base on Balls
Batting: SHB Jerry Reece 0-0: Swinging Strike
0-1: Foul Ball, location: 2F
0-2: Ball
1-2: Strikes out swinging
Top of the 1st over - 1 run, 1 hit, 1 error, 2 left on base; Germantown 1 - Ellesmere Island 0
BOTTOM OF THE 1ST
Ellesmere Island Snowpeople batting - Pitching for Germantown Uruguayans : RHP Maks Rajnev
Pitching: RHP Maks Rajnev
Batting: RHB Juan Barrón 0-0: Called Strike
0-1: Ball
1-1: Foul Ball, location: 2F
1-2: Strikes out swinging, 2-3 out at first.
Batting: RHB Tony Wood 0-0: Called Strike
0-1: Called Strike
0-2: Ball
1-2: Ball
2-2: Foul Ball, location: 2F
2-2: Foul Ball, location: 2F
2-2: Foul Ball, location: 2F
2-2: Foul Ball, location: 2F
2-2: Strikes out swinging
Batting: SHB Blaine Callahan 0-0: Swinging Strike
0-1: Ball
1-1: Foul Ball, location: 2F
1-2: Strikes out swinging
Bottom of the 1st over - 0 runs, 0 hits, 0 errors, 0 left on base; Germantown 1 - Ellesmere Island 0
TOP OF THE 2ND
Germantown Uruguayans batting - Pitching for Ellesmere Island Snowpeople : LHP Jordon Glen Anderson
Batting: LHB Mhelter Narcida 0-0: Ball
1-0: Ball
2-0: Ball
3-0: Base on Balls
Batting: RHB Estęvăo Reimonde 0-0: Ball
1-0: Ball
2-0: Grounds into double play, 4-6-3 (Groundball, 4, EV 96.2 MPH)
Batting: RHB Harley Lambert 0-0: Ball
1-0: Ball
2-0: Ball
3-0: Called Strike
3-1: Base on Balls
Batting: RHB Jorge Gardella 0-0: Ball
Wild Pitch!
Harley Lambert to second
1-0: Reached on error, E6 (Groundball, 6D, EV 86.2 MPH)
Harley Lambert to third
Batting: RHB Anthony McGee 0-0: Foul Ball, location: 2F
0-1: Ball
1-1: Ball
2-1: Ball
3-1: SINGLE (Line Drive, 89M, EV 98.1 MPH)
Harley Lambert scores
Jorge Gardella to second
Runner from 2nd tries for 3rd, SAFE, throw by CF made to third
Batting: RHB Harold Keightley 0-0: Ball
1-0: Ball
2-0: Fielders Choice at 2nd, 6-4 (Groundball, 6, EV 90.6 MPH)
Top of the 2nd over - 1 run, 1 hit, 1 error, 2 left on base; Germantown 2 - Ellesmere Island 0
BOTTOM OF THE 2ND
Ellesmere Island Snowpeople batting - Pitching for Germantown Uruguayans : RHP Maks Rajnev
Batting: LHB Qi-zhen Shen 0-0: Foul Ball, location: 2F
0-1: Ball
1-1: Ball
2-1: Ball
3-1: Foul Ball, location: 2F
3-2: Strikes out swinging
Batting: SHB Alan Campbell 0-0: Ball
1-0: Ground out 1-3 (Groundball, 34S, EV 73.8 MPH)
Batting: RHB Ramiro Castillo 0-0: Ball
1-0: Foul Ball, location: 2F
1-1: Foul Ball, location: 2F
1-2: Strikes out looking
Bottom of the 2nd over - 0 runs, 0 hits, 0 errors, 0 left on base; Germantown 2 - Ellesmere Island 0
TOP OF THE 3RD
Germantown Uruguayans batting - Pitching for Ellesmere Island Snowpeople : LHP Jordon Glen Anderson
Batting: RHB Kiyoshi Aoki 0-0: Ball
1-0: Foul Ball, location: 2F
1-1: Ball
2-1: Swinging Strike
2-2: Foul Ball, location: 2F
2-2: Foul Ball, location: 2F
2-2: Strikes out swinging, 2-3 out at first.
Batting: RHB Pancho Hernández 0-0: Swinging Strike
0-1: Called Strike
0-2: Ball
1-2: Ball
2-2: Foul Ball, location: 2F
2-2: Strikes out swinging
Batting: SHB Jerry Reece 0-0: Foul Ball, location: 2F
0-1: Foul Ball, location: 2F
0-2: Ball
1-2: Ball
2-2: Foul Ball, location: 2F
2-2: Ball
3-2: Base on Balls
Batting: LHB Mhelter Narcida 0-0: Ball
1-0: Foul Ball, location: 2F
1-1: Ball
2-1: Hit by Pitch
Jerry Reece to second
Batting: RHB Estęvăo Reimonde 0-0: Ball
1-0: SINGLE (Groundball, 6MD, EV 100.6 MPH)
Jerry Reece to third
Mhelter Narcida to second
Runner from 3rd tries for Home, SAFE, no throw by CF
Batting: RHB Harley Lambert 0-0: Swinging Strike
0-1: Ball
1-1: Ball
2-1: Fly out, F9 (Flyball, 89S, EV 87.5 MPH)
Top of the 3rd over - 1 run, 1 hit, 0 errors, 2 left on base; Germantown 3 - Ellesmere Island 0
BOTTOM OF THE 3RD
Ellesmere Island Snowpeople batting - Pitching for Germantown Uruguayans : RHP Maks Rajnev
Batting: RHB Francisco Rocha 0-0: Foul Ball, location: 2F
0-1: Foul Ball, location: 2F
0-2: Strikes out looking
Batting: RHB Obiniana Romulo 0-0: Called Strike
0-1: Ground out 5-3 (Groundball, 56, EV 81.9 MPH)
Batting: LHB Edward Kisiner 0-0: Ball
1-0: Foul Ball, location: 2F
1-1: SINGLE (Line Drive, 8LS, EV 96.2 MPH)
Batting: RHB Juan Barrón 0-0: Ball
1-0: Ball
2-0: Called Strike
2-1: Ball
3-1: Called Strike
3-2: Ground out 6-3 (Groundball, 6, EV 86.2 MPH)
Bottom of the 3rd over - 0 runs, 1 hit, 0 errors, 1 left on base; Germantown 3 - Ellesmere Island 0
TOP OF THE 4TH
Germantown Uruguayans batting - Pitching for Ellesmere Island Snowpeople : LHP Jordon Glen Anderson
Batting: RHB Jorge Gardella 0-0: Called Strike
0-1: Foul Ball, location: 2F
0-2: Foul Ball, location: 2F
0-2: Ball
1-2: Ball
2-2: SINGLE (Flyball, 8LS, EV 89.4 MPH)
Batting: RHB Anthony McGee 0-0: Ball
1-0: Swinging Strike
1-1: Foul Ball, location: 2F
1-2: Ball
2-2: Grounds into double play, 6-4-3 (Groundball, 6, EV 83.1 MPH)
Batting: RHB Harold Keightley 0-0: Foul Ball, location: 2F
0-1: Ball
1-1: Fly out, F7 (Flyball, 7LSF, EV 96.2 MPH)
Top of the 4th over - 0 runs, 1 hit, 0 errors, 0 left on base; Germantown 3 - Ellesmere Island 0
BOTTOM OF THE 4TH
Ellesmere Island Snowpeople batting - Pitching for Germantown Uruguayans : RHP Maks Rajnev
Batting: RHB Tony Wood 0-0: SINGLE (Groundball, 3S, EV 64.4 MPH) (infield hit)
Batting: SHB Blaine Callahan 0-0: Called Strike
0-1: Ball
1-1: Ball
2-1: Single, Error in OF, E9, batter to second base (Line Drive, 34D, EV 93.8 MPH)
Tony Wood to third
Batting: LHB Qi-zhen Shen 0-0: Called Strike
0-1: Fly out, F8 (Flyball, 8RXD, EV 98.1 MPH)
Runner from 3rd tags up, SCORES, no throw by CF
Blaine Callahan to third
Batting: SHB Alan Campbell 0-0: Ball
1-0: Foul Ball, location: 2F
1-1: Ball
2-1: Ground out 4-3 (Groundball, 34, EV 106.2 MPH)
Blaine Callahan scores
Batting: RHB Ramiro Castillo 0-0: Swinging Strike
0-1: Ball
1-1: Ball
2-1: Ball
3-1: Swinging Strike
3-2: Base on Balls
Batting: RHB Francisco Rocha 0-0: Foul Ball, location: 2F
0-1: Ball
1-1: Ball
2-1: Swinging Strike
2-2: Ball
3-2: Strikes out swinging
Bottom of the 4th over - 2 runs, 2 hits, 1 error, 1 left on base; Germantown 3 - Ellesmere Island 2
TOP OF THE 5TH
Germantown Uruguayans batting - Pitching for Ellesmere Island Snowpeople : LHP Jordon Glen Anderson
Batting: RHB Kiyoshi Aoki 0-0: Foul Ball, location: 2F
0-1: Called Strike
0-2: Ball
1-2: Ball
2-2: Strikes out swinging, 2-3 out at first.
Batting: RHB Pancho Hernández 0-0: Foul Ball, location: 2F
0-1: Ball
1-1: Swinging Strike
1-2: Ball
2-2: Strikes out swinging
Batting: SHB Jerry Reece 0-0: Called Strike
0-1: Ball
1-1: SINGLE (Line Drive, 89M, EV 110.0 MPH)
Batting: LHB Mhelter Narcida 0-0: Ball
1-0: Swinging Strike
1-1: Swinging Strike
1-2: Ground out 4-3 (Groundball, 4, EV 106.9 MPH)
Top of the 5th over - 0 runs, 1 hit, 0 errors, 1 left on base; Germantown 3 - Ellesmere Island 2
BOTTOM OF THE 5TH
Ellesmere Island Snowpeople batting - Pitching for Germantown Uruguayans : RHP Maks Rajnev
Batting: RHB Obiniana Romulo 0-0: Swinging Strike
0-1: Fly out, F1 (Popup, P, EV 78.8 MPH)
Batting: LHB Edward Kisiner 0-0: Called Strike
0-1: Foul Ball, location: 2F
0-2: Fly out, F7 (Flyball, 7, EV 95.6 MPH)
Batting: RHB Juan Barrón 0-0: Called Strike
0-1: Ball
1-1: Foul Ball, location: 2F
1-2: Ball
2-2: Ground out 6-3 (Groundball, 6, EV 91.2 MPH)
Bottom of the 5th over - 0 runs, 0 hits, 0 errors, 0 left on base; Germantown 3 - Ellesmere Island 2
TOP OF THE 6TH
Germantown Uruguayans batting - Pitching for Ellesmere Island Snowpeople : LHP Jordon Glen Anderson
Pitching: RHP Hirokazu Morita
Batting: RHB Estęvăo Reimonde 0-0: Foul Ball, location: 2F
0-1: Ball
1-1: Foul Ball, location: 2F
1-2: Strikes out swinging
Batting: RHB Harley Lambert 0-0: Ball
1-0: Fly out, F9 (Flyball, 9, EV 80.0 MPH)
Batting: RHB Jorge Gardella 0-0: Foul Ball, location: 2F
0-1: SINGLE (Groundball, 6, EV 83.1 MPH) (infield hit)
Batting: RHB Anthony McGee 0-0: Ball
1-0: Ball
2-0: Fly out, F5 (Line Drive, 5, EV 68.8 MPH)
Top of the 6th over - 0 runs, 1 hit, 0 errors, 1 left on base; Germantown 3 - Ellesmere Island 2
BOTTOM OF THE 6TH
Ellesmere Island Snowpeople batting - Pitching for Germantown Uruguayans : RHP Maks Rajnev
Batting: RHB Tony Wood 0-0: Swinging Strike
0-1: Foul Ball, location: 2F
0-2: Ball
1-2: Strikes out swinging
Batting: SHB Blaine Callahan 0-0: Foul Ball, location: 2F
0-1: Ball
1-1: Swinging Strike
1-2: Fly out, F9 (Flyball, 89D, EV 106.2 MPH)
Batting: LHB Qi-zhen Shen 0-0: Fly out, F9 (Line Drive, 9, EV 95.6 MPH)
Bottom of the 6th over - 0 runs, 0 hits, 0 errors, 0 left on base; Germantown 3 - Ellesmere Island 2
TOP OF THE 7TH
Germantown Uruguayans batting - Pitching for Ellesmere Island Snowpeople : RHP Hirokazu Morita
Batting: RHB Harold Keightley 0-0: Ground out 6-3 (Groundball, 6, EV 85.0 MPH)
Batting: RHB Kiyoshi Aoki 0-0: Ground out 2-3 (Groundball, 13S, EV 67.5 MPH)
Batting: RHB Pancho Hernández 0-0: Ball
1-0: Swinging Strike
1-1: Foul Ball, location: 2F
1-2: Ball
2-2: Ground out 6-3 (Groundball, 6, EV 106.9 MPH)
Top of the 7th over - 0 runs, 0 hits, 0 errors, 0 left on base; Germantown 3 - Ellesmere Island 2
BOTTOM OF THE 7TH
Ellesmere Island Snowpeople batting - Pitching for Germantown Uruguayans : RHP Maks Rajnev
Batting: SHB Alan Campbell 0-0: Called Strike
0-1: Swinging Strike
0-2: Fly out, F8 (Flyball, 8LS, EV 88.8 MPH)
Batting: RHB Ramiro Castillo 0-0: SINGLE (Line Drive, 9S, EV 86.9 MPH)
Batting: RHB Francisco Rocha 0-0: Fly out, F2 (Popup, 25F, EV 86.9 MPH)
Batting: RHB Obiniana Romulo 0-0: Ball
1-0: 2-RUN HOME RUN (Flyball, 78XD, EV 96.2 MPH), Distance : 432 ft
Batting: LHB Edward Kisiner 0-0: Called Strike
0-1: Swinging Strike
0-2: Ball
1-2: Ball
2-2: Strikes out looking
Bottom of the 7th over - 2 runs, 2 hits, 0 errors, 0 left on base; Germantown 3 - Ellesmere Island 4
TOP OF THE 8TH
Germantown Uruguayans batting - Pitching for Ellesmere Island Snowpeople : RHP Hirokazu Morita
Batting: SHB Jerry Reece 0-0: Ball
1-0: Swinging Strike
1-1: Foul Ball, location: 2F
1-2: Foul Ball, location: 2F
1-2: Ball
2-2: Foul Ball, location: 2F
2-2: Fly out, F6 (Flyball, 56D, EV 91.9 MPH)
Batting: LHB Mhelter Narcida 0-0: Foul Ball, location: 2F
0-1: Reached on error, E6 (Groundball, 56, EV 92.5 MPH)
Pitching: RHP Foster Lang
Batting: RHB Estęvăo Reimonde 0-0: Fielders Choice at 2nd, 4-6 (Groundball, 34, EV 98.1 MPH)
Pinch Hitting: RHB Lachlan Thurgood 0-0: Ball
1-0: Called Strike
1-1: Ball
2-1: Fly out, F9 (Flyball, 89D, EV 106.9 MPH)
Top of the 8th over - 0 runs, 0 hits, 1 error, 1 left on base; Germantown 3 - Ellesmere Island 4
BOTTOM OF THE 8TH
Ellesmere Island Snowpeople batting - Pitching for Germantown Uruguayans : RHP Maks Rajnev
Now at 2B: Tetahiti Kelala
Batting: RHB Juan Barrón 0-0: Ground out 4-3 (Groundball, 4D, EV 103.8 MPH)
Batting: RHB Tony Wood 0-0: Ball
1-0: DOUBLE (Line Drive, 9LS, EV 97.5 MPH)
Batting: SHB Blaine Callahan 0-0: Swinging Strike
0-1: Swinging Strike
0-2: Strikes out looking
Batting: LHB Qi-zhen Shen 0-0: Fly out, F5 (Popup, 5SF, EV 70.6 MPH)
Bottom of the 8th over - 0 runs, 1 hit, 0 errors, 1 left on base; Germantown 3 - Ellesmere Island 4
TOP OF THE 9TH
Germantown Uruguayans batting - Pitching for Ellesmere Island Snowpeople : RHP Foster Lang
Pitching: RHP Millard Whipp
Now at 1B: Mark Pittman
Now at 2B: Bill Wells
Now in LF: Nicky Withey
Batting: RHB Jorge Gardella 0-0: Fly out, F8 (Line Drive, 8RM, EV 100.0 MPH)
Batting: RHB Anthony McGee 0-0: Ball
1-0: Ball
2-0: Ball
3-0: Called Strike
3-1: Foul Ball, location: 2F
3-2: SINGLE (Flyball, 78D, EV 95.6 MPH)
Batting: RHB Harold Keightley 0-0: Called Strike
0-1: Fielders Choice at 2nd, 6-4 (Groundball, 56, EV 83.8 MPH)
Batting: RHB Kiyoshi Aoki 0-0: Called Strike
0-1: Ball
1-1: Swinging Strike
1-2: Fly out, F4 (Popup, 34, EV 83.1 MPH)
Top of the 9th over - 0 runs, 1 hit, 0 errors, 1 left on base; Germantown 3 - Ellesmere Island 4
Friday, April 17th, 2020 - OOTP Baseball 20.8 Build 74